[Event "Rohde op 12th"]
[Site "Sautron"]
[Date "2012.10.29"]
[Round "3"]
[White "Gleizerov, Evgeny"]
[Black "Riff, Jean Noel"]
[Result "1/2-1/2"]
[ECO "E04"]
[WhiteElo "2564"]
[BlackElo "2473"]
[Annotator "Primel,D"]
[PlyCount "79"]
[EventDate "2012.10.27"]
[EventType "swiss"]
[EventRounds "9"]
[EventCountry "FRA"]
[SourceTitle "EXT 2014"]
[Source "ChessBase"]
[SourceDate "2013.11.20"]
[SourceVersion "1"]
[SourceVersionDate "2013.11.20"]
[SourceQuality "1"]
[TimeControl "40/5400+30:1800+30"]
[WhiteClock "1:30:00"]
[BlackClock "1:30:00"]

1. d4 Nf6 2. c4 e6 3. g3 {[%emt 0:00:00] Le russe est un spécialiste renommé de la
Catalane} d5 4. Nf3 dxc4 5.
Bg2 Nc6 {[%emt 0:00:00] Une variante agressive pour jouer
pour le gain mais les Blancs ont des bonnes compensations} (5... a6 6. Ne5 c5
7. Na3 cxd4 8. Naxc4 Bc5 9. O-O O-O 10. Bd2 (10. Bg5 h6 11. Bxf6 Qxf6 12. Nd3
Ba7 13. Qa4 $13 {Anand,V (2787)-Topalov,V (2805) World Championship 2010 (6) 1/
2})) 6. Qa4 (6. O-O {Plus risqué car les Noirs peuvent
s'accrocher au P c4} Rb8 7. Nc3 a6 8. e4 Be7 9. Qe2 b5 $132 {
Gelfand,B (2736)-Karpov,A (2670) Wch Blitz 3rd 2007 (6) 1/2}) 6... Bb4+ (6... Nd7 $5 7. Qxc4 Nb6 {Blachon,P (2138)-David,A (2631) Syre
Memorial op 33th 2010 (1) 0-1}) 7. Bd2 Bd6 $5 (7... Nd5 {La grande ligne} 8. Bxb4 (8. Qb5 $5 {La dernière mode}
)) 8. Bc3 {[%emt 0:11:07] Le français n'avait joué que la grande ligne Nd5
selon les bases et le russe a été un peu surpris par le choix de la variante
Bd6} (8. Qxc4 O-O 9. O-O e5 $11 {Sjugirov,S (2624)-Sokolov,I (2690) Barcelona
Casino 2012 (9) 1/2}) (8. Ne5 $5 Bxe5 9. Bxc6+ bxc6 10. dxe5 Qd5 11. f3 Nd7 12.
Nc3 Qc5 13. f4 $14 {Damljanovic,B (2595)-Marcelin,C (2510) FRA-chT Top 16 Gp
Basse 2008 (10) 1-0}) (8. Na3 Bxa3 (8... Ne4 9. Nxc4 Nxd2
10. Nfxd2 Bd7 11. Nxd6+ cxd6 12. Ne4 O-O 13. Nxd6 Qc7 $44 {Beliavsky,A (2690)
-Anand,V (2770) Dortmund 1998 (5) 1/2}) 9. Qxa3 Ne4 10. Be3 Qd6 11. Rc1 Qxa3
12. bxa3 Nd6 13. Ne5 Bd7 $11 {Gustafsson,J (2616)-Khenkin,I (2604) GER-ch 76th
Altenkirchen 2005 (5) 1/2}) (8. O-O O-O 9. Qxc4 e5 10. d5 Ne7 11. Nc3 h6 12.
Rfd1 a6 13. Qb3 Rb8 14. Be1 Bg4 15. Rac1 $14 {Evdokimov,A (2503)-Aleksandrov,A
(2635) RUS-chT Sochi 2005 (11) 1-0} (15. h3)) 8... Bd7 $1 (8... O-O 9. Qxc4 (9. Nbd2 a6 10. Nxc4 (10.
Qxc4 {Moins logique après avoir joué Nbd2, autant reprendre directement avec
Qc4}) 10... b5 11. Qd1 bxc4 12. Ne5 Nxe5 13. dxe5 Nd5 14. exd6 Bb7 15. Bxd5 (
15. dxc7 Qxc7 16. Bxd5 Bxd5 17. O-O Rfd8 18. Qd4 f6 19. Rfd1 e5 $11) 15... Bxd5
(15... exd5 16. Qd4 f6 17. dxc7 Qxc7 18. O-O Rfe8 19. e3 Re4 20.
Qd2 Qc6 21. f3 Ree8 22. Bd4 $11) 16. e4 $1 Bb7 (
16... Bxe4 17. Qd4) 17. Qd4 f6 18. Qxc4 $14 ) 9... Qe7) 9. Qxc4 b5 (9... O-O 10. O-O b5 {Une simple
interversion de coups} 11. Qd3 b4) 10. Qd3 (10. Qb3 b4 (10...
O-O) 11. Bd2 Na5 12. Qd3 Rb8 {Likavsky,T (2496)-Tregubov,P (2609) Bundesliga
0708 2007 (11.4) 0-1} (12... c5 $5 13. Ne5 Rc8 14. Nxd7 Qxd7 15. O-O O-O $132))
10... b4 11. Bd2 O-O {[%emt 0:00:04]
Continuant de jouer а tempo} 12. O-O Rb8 13.
Bg5 h6 14. Bxf6 Qxf6 {
[%emt 0:00:03] L'alsacien avait а ce moment 05 minutes de plus qu'au début de
la partie!} 15. Nbd2 e5 $1 {[%emt 0:00:33] Les Noirs ont
réussi la poussée thématique et avec la paire de B, ils sont proches de
l'égalité} 16. Ne4 $5 $146 (16. dxe5 Nxe5
17. Nxe5 Qxe5 18. Nc4 Qb5 19. Rfd1 Rfd8 20. Nxd6 cxd6 21. Qxb5 Bxb5 22. e3 $14 Rbc8 23. Be4 Kf8 24. Rd4 a5 25. a3 bxa3 26. Rxa3 Rc1+ 27. Kg2 Rc5
28. h4 Ke7 29. g4 Bd7 30. Kg3 Rb8 {Yevseev,D (2531)-Shaidullina,S (2175)/St
Petersburg 2010/EXT 2011/1/2-1/2 (41)}) 16... Qe7 17. Rfd1 Bf5 (17... exd4 18. Nxd4 Be5 19. Nxc6 Bxc6 20.
Rac1 Ba8 $11 ) 18. d5 Na5 19.
Nfd2 (19. Nh4) 19... Nb7 20. Qc4 {[%emt 0:10:59] Les Blancs gardent un petit avantage d'espace}
Nc5 21. Nxc5 Bxc5 22. Nb3 $1 Bb6 23. Rac1 a5 (23... Rfd8) (23... Rfc8) 24.
Nc5 Qd6 25. Na4 Rfc8 26. Qc6 Bd7 27. Qxd6 cxd6 28. Rxc8+ Bxc8 29. Nxb6 Rxb6 30. Rc1 Bd7 31. Rc7 {[%emt 0:00:41][%csl Rd6] La finale est un peu
meilleure pour les Blancs mais le matériel est trop réduit pour avoir des
chances réelles de gain.} Be8 32. Bh3 (32. f4 ) 32... Kf8 33. Bd7 Bxd7 34. Rxd7 Ke8 35. Ra7 Rb5 36. e4 Rc5 $11 37. b3 g6 38. Ra8+ Ke7 39. Ra7+ Ke8 40. Ra8+ 1/2-1/2